 Dungeon Crawl Stone Soup version 0.23.2-1-ga50397a (webtiles) character file.

Game seed: 6228830363189140028

651 whitewolfNL the Cudgeler (level 7, -2/68 HPs)
             Began as a Troll Berserker on Apr 16, 2019.
             Was an Elder of Trog.
             Slain by an orc
             ... wielding a +1 hand axe of venom
              (6 damage)
             ... on level 4 of the Dungeon.
             The game lasted 00:18:43 (3818 turns).

whitewolfNL the Cudgeler (Troll Berserker)          Turns: 3818, Time: 00:18:44

Health: -2/68      AC:  7    Str: 26    XL:     7   Next: 28%
Magic:  6/6        EV: 11    Int:  4    God:    Trog [****..]
Gold:   199        SH:  0    Dex: 10    Spells: 6/6 levels left

rFire    . . .     SeeInvis .   D - +0 giant spiked club
rCold    . . .     Gourm    +   (shield currently unavailable)
rNeg     . . .     Faith    .   i - +0 robe
rPois    .         Spirit   .   (helmet restricted)
rElec    .         Reflect  .   v - +0 cloak
rCorr    .         Harm     .   (gloves unavailable)
MR       .....                  (boots unavailable)
Stlth    +.........             (no amulet)
HPRegen  0.61/turn              (no ring)
MPRegen  0.10/turn              (no ring)

@: confused, lethally poisoned (-2 -> -5), berserk cooldown, hasted and slowed
A: large, unfitting armour, claws 3, fast metabolism 3, gourmand, regeneration
1, shaggy fur 1, tough skin 3
a: Berserk, Trog's Hand, Brothers in Arms, Renounce Religion


You were on level 4 of the Dungeon.
You worshipped Trog.
Trog was greatly pleased with you.
You were very full.

You visited 1 branch of the dungeon, and saw 4 of its levels.
You also visited: Sewer.

You collected 199 gold pieces.

Inventory:

Hand Weapons
 a - a +0 mace
 q - a +2 dagger of venom
 r - a +1 short sword of holy wrath
 t - a +0 blowgun
 D - a +0 giant spiked club (weapon)
Missiles
 j - 8 needles of confusion
 n - 48 poisoned needles
 u - 3 curare-tipped needles
 A - 6 large rocks (quivered)
Armour
 i - a +0 robe (worn)
 v - a +0 cloak (worn)
Scrolls
 b - a scroll of summoning {unknown}
 d - 2 scrolls of magic mapping {unknown}
 e - 2 scrolls of enchant weapon {unknown}
 h - 2 scrolls of enchant armour {unknown}
 k - 4 scrolls of teleportation {unknown}
 m - 5 scrolls of identify {unknown}
 s - 2 scrolls of immolation {unknown}
 y - a scroll of amnesia {unknown}
Potions
 f - a potion of ambrosia {unknown}
 g - 2 potions of flight {unknown}
 o - 2 potions of haste
 p - 2 potions of brilliance {unknown}
 w - 2 potions of agility {unknown}
 x - 5 potions of curing {unknown}
 z - 3 potions of heal wounds {unknown}
 B - a potion of mutation {unknown}
Comestibles
 c - 7 rations


   Skills:
 + Level 3.7 Fighting
 * Level 5.0 Maces & Flails
 * Level 2.3 Throwing
 + Level 3.8 Dodging
 + Level 1.3 Stealth


You had 6 spell levels left.
You didn't know any spells.
Your spell library was empty.

Dungeon Overview and Level Annotations

Branches:
Dungeon (4/15)             Temple (0/1) D:4

Altars:
Ashenzari
Elyvilon
Kikubaaqudgha
Makhleb
Qazlal
Xom
The Shining One

Shops:
D:4 (


Innate Abilities, Weirdness & Mutations

You are too large for most types of armour.
You have claws for hands.
Your metabolism is lightning-fast.
You like to eat raw meat.
Your natural rate of healing is unusually fast.
You are covered in fur. (AC +1)
You have extremely tough skin. (AC +3)


Message History

The orc wizard casts a spell at you. You resist with some effort.
The orc priest hits you with a +0 flail.
The orc hits you.
As you read the scroll labeled ZEKIFYITIRU, it crumbles to dust.
The scroll dissolves into smoke.
It was a scroll of fog.
You feel very sick. The orc wizard casts a spell at you.
You are confused.
The orc hits you with a +1 hand axe of venom.
* * * LOW HITPOINT WARNING * * *
The orc hits you.
* * * LOW HITPOINT WARNING * * *
The orc priest hits you with a +0 flail.
* * * LOW HITPOINT WARNING * * *
It was a potion of haste.
You feel yourself speed up.
You feel sick.
The orc wizard hits you with a +0 dagger.
* * * LOW HITPOINT WARNING * * *
The orc hits you with a +1 hand axe of venom.
You die...

###...###...........
#.....#.# .........#
#.......##..........
........#..........#
#....>##........# ##
##.......#.####.. #..
#§§......## ##...
#.§§##o§....#..# #....
#.§8o@o§....#.## #....
#..§##o##..#...###....
.$.8.
..§§##≈≈§≈§.......
....
.....§≈###≈###.... .8.
8......§#∩'..###... ##
#######.≈###≈)####..
##≈≈≈≈≈....##.
##...........
#....§......


You could see an orc priest, an orc wizard and 2 orcs.

Vanquished Creatures
  3 big kobolds (Sewer)
  Blork the orc (D:4)
  An orc priest (D:4)
  A hound (D:3)
  2 worker ants
  10 adders
  7 oozes
  2 worms
  A dart slug (D:4)
  5 leopard geckos
  4 orcs
  6 ball pythons
  12 bats
  17 giant cockroaches
  9 goblins
  7 hobgoblins
  10 jackals
  25 kobolds
  3 quokkas
  8 frilled lizards
  A quokka skeleton (D:4)
  8 rats
  A plant (Sewer)
144 creatures vanquished.

Notes
Turn   | Place    | Note
-------+----------+-------------------------------------------
     0 | D:1      | whitewolfNL the Troll Berserker began the quest for the
                  | Orb.
     0 | D:1      | Reached XP level 1. HP: 22/22 MP: 0/0
     1 | D:1      | Found a runed translucent door.
    19 | D:1      | Reached XP level 2. HP: 29/29 MP: 1/1
    20 | D:1      | Reached skill level 3 in Maces & Flails
    39 | D:1      | Reached XP level 3. HP: 35/36 MP: 2/2
   263 | D:1      | Reached ** piety under Trog
   917 | D:2      | Reached XP level 4. HP: 41/44 MP: 3/3
  1038 | D:2      | Reached skill level 4 in Maces & Flails
  1038 | D:2      | Reached skill level 1 in Throwing
  1333 | D:2      | Reached XP level 5. HP: 52/52 MP: 4/4
  1479 | D:2      | Reached *** piety under Trog
  1732 | D:3      | Found a faded altar of an unknown god.
  2336 | D:3      | Reached **** piety under Trog
  2352 | D:3      | Found a glowing drain.
  2356 | Sewer    | Entered a sewer
  2408 | Sewer    | Reached XP level 6. HP: 44/61 MP: 5/5
  2760 | Sewer    | Reached skill level 1 in Stealth
  3199 | D:3      | Received a gift from Trog
  3531 | D:4      | Reached XP level 7. HP: 67/67 MP: 6/6
  3536 | D:4      | Found an ancient bone altar of Kikubaaqudgha.
  3578 | D:4      | Found a staircase to the Ecumenical Temple.
  3639 | D:4      | Noticed Blork the orc
  3640 | D:4      | Found an ancient bone altar of Kikubaaqudgha.
  3654 | D:4      | Killed Blork the orc
  3654 | D:4      | Reached skill level 5 in Maces & Flails
  3669 | D:4      | Found a glowing golden altar of the Shining One.
  3682 | D:4      | Found a stormy altar of Qazlal.
  3682 | D:4      | Found a white marble altar of Elyvilon.
  3688 | D:4      | Found a burning altar of Makhleb.
  3691 | D:4      | Found a shimmering altar of Xom.
  3693 | D:4      | Found a shattered altar of Ashenzari.
  3761 | D:4      | Found Gadaunai's Weapon Boutique.
  3818 | D:4      | Slain by an orc

Skill      XL: |  1  2  3  4  5  6  7 |
---------------+----------------------+-----
Maces & Flails | 3 4 5 |  5.0
Throwing       | 1 2 |  2.3
Dodging        | 3 |  3.8
Fighting       | 3 |  3.7
Stealth        | 1 |  1.3

Action                   |  1- 3 |  4- 6 |  7- 9 || total
-------------------------+-------+-------+-------++-------
Melee: Mace              |   106 |    64 |       ||   170
       Dagger            |       |   248 |    10 ||   258
       Giant spiked club |       |       |    40 ||    40
Invok: Berserk           |     1 |     5 |     2 ||     8
  Use: Scroll            |       |       |     1 ||     1
       Potion            |       |       |     1 ||     1
 Stab: Sleeping          |       |     5 |       ||     5
  Eat: Chunk             |    14 |    23 |    12 ||    49
Armor: Animal skin       |   101 |       |       ||   101
       Robe              |     2 |   145 |    20 ||   167
Dodge: Dodged            |   102 |   200 |    39 ||   341
